 Dungeon Crawl Stone Soup version 0.16-a0-890-g98fc465 (webtiles) character file.

115 RobertPalmer the Poker (level 5, 0/33 HPs)
             Began as an Octopode Wanderer on Sept 29, 2014.
             Killed from afar by an orc wizard (10 damage)
             ... with a puff of flame
             ... on Level 4 of the Dungeon.
             The game lasted 00:07:12 (2549 turns).

RobertPalmer the Poker (Octopode Wanderer)          Turns: 2549, Time: 00:07:14

HP   0/33        AC  1     Str 10      XL: 5   Next:  0%
MP   7/7         EV 11     Int 13      God:
Gold 152         SH  0     Dex 15      Spells:  1 memorised,  4 levels left

rFire  . . .     SeeInvis .     a - +0 spear
rCold  . . .     Clarity  +     (no shield)
rNeg   . . .     rCorr    .     (helmet restricted)
rPois  .         rRot     .     s - amulet of clarity
rElec  .         Spirit   .     (no ring)
SustAb .         Warding  .     (no ring)
rMut   .         Stasis   .     (no ring)
Gourm  .                        (no ring)
MR     .....                    (no ring)
                                (no ring)
                                (no ring)
                                (no ring)

@: not resistant to hostile enchantments, quite stealthy
A: almost no armour, amphibious, 8 rings, constrict 8, camouflage 1, gelatinous
body 1
a: no special abilities


You were on level 4 of the Dungeon.
You were hungry.

You visited 1 branch of the dungeon, and saw 4 of its levels.

You collected 152 gold pieces.


Innate Abilities, Weirdness & Mutations

You cannot wear most types of armour.
You are amphibious.
You can wear up to eight rings at the same time.
You can use your tentacles to constrict many enemies at once.
Your skin changes colour to match your surroundings (Stealth).
Your rubbery body absorbs attacks (AC +1).


   Skills:
 - Level 1.0 Fighting
 + Level 5.0 Polearms
 - Level 4.0 Stealth
 - Level 1.0 Spellcasting
   Level 2.0 Transmutations
 - Level 1.1 Evocations


You had 4 spell levels left.
You knew the following spells:

 Your Spells              Type           Power        Failure   Level  Hunger
d - Repel Missiles        Chrm/Air       #.....       47%         2    ###....

Inventory:

Hand weapons
 a - a +0 spear (weapon)
 b - a +2 dagger of venom
Magical devices
 r - a wand of digging (9)
 v - a wand of invisibility (0)
Comestibles
 f - a bread ration
 k - 2 fruits
 m - a meat ration
Scrolls
 g - a scroll of enchant weapon {unknown}
 h - a scroll of teleportation {unknown}
 j - 3 scrolls of immolation {unknown}
 l - 5 scrolls of identify
 q - a scroll of remove curse {unknown}
 t - a scroll of noise {unknown}
Jewellery
 s - an amulet of clarity (around mantle)
Potions
 c - a potion of lignification {!q}
 d - a potion of haste {unknown}
 e - 2 potions of curing {unknown}
 i - a potion of flight {unknown}
 o - a potion of might {unknown}
 p - a potion of agility {unknown}
 u - a potion of poison {!q}
Books
 w - a book of Minor Magic

Dungeon Overview and Level Annotations

Branches:
Dungeon (4/15)
 Temple: D:4-7

Altars:
Ashenzari
Elyvilon
Kikubaaqudgha
Trog
Vehumet
Xom
The Shining One

Annotations:
D:3 Zuul's ghost, weakling DsGl

####### ##.....# ##..###.###
#..##.....## ##.###_.≈≈._##
#..#^._.._#).###
#######...#≈.#_..≈o..#
........##.......≈♣#.########....
.......+.##..≈.≈@.##.......oo....
.......#####..≈.^############....
.......# ###^### .......# #..#
.......# #.## .......# #.#
.......######.#######
.........<...........#
.......####..........##


You could see an orc wizard.


Message History

The orc wizard's eyes start to glow.
Attack whom?
Aim: an orc wizard, wielding a dagger and wearing a robe (heavily wounded)
You reach to attack!
You hit the orc wizard.
The orc wizard is severely wounded.
The orc wizard mumbles some strange words.
The orc wizard seems to speed up.
Attack whom?
Aim: an orc wizard, wielding a dagger and wearing a robe (severely wounded, fast)
You reach to attack!
You closely miss the orc wizard.
The orc wizard is severely wounded.
Attack whom?
Aim: an orc wizard, wielding a dagger and wearing a robe (severely wounded, fast)
You reach to attack!
You miss the orc wizard.
The orc wizard is severely wounded.
Attack whom?
Aim: an orc wizard, wielding a dagger and wearing a robe (severely wounded, fast)
You reach to attack!
You hit the orc wizard but do no damage.
The orc wizard is severely wounded.
Attack whom?
Aim: an orc wizard, wielding a dagger and wearing a robe (severely wounded, fast)
You reach to attack!
You hit the orc wizard.
The orc wizard is almost dead.
The orc wizard casts a spell at you. The puff of flame hits you!
* * * LOW HITPOINT WARNING * * *
The orc wizard casts a spell at you. The puff of flame hits you!
You die...

Action                   |  1- 3 |  4- 6 || total
-------------------------+-------+-------++-------
Melee: Spear             |    69 |   120 ||   189
 Cast: Repel Missiles    |       |     1 ||     1
Evoke: Wand              |       |     2 ||     2
  Use: Scroll            |       |     1 ||     1
 Stab: Sleeping          |     6 |     3 ||     9
       Distracted        |     2 |       ||     2
  Eat: Chunk             |       |     3 ||     3
       Beef jerky        |       |     1 ||     1

Vault maps used:
D:1:      lightli_arrival_maybe_door_vault
D:2:      nicolae_overflow_quartered_altars, gammafunk_temple_overflow_statue,
          kennysheep_decorative_pillar, uniq_iyjb, uniq_terence, uniq_jessica
D:3:      grunt_dithmenos_smoke_and_mirrors
D:4:      serial_glass, glass_columns_a, glass_columns_a, xom_redecorated

Notes
Turn   | Place    | Note
--------------------------------------------------------------
     0 | D:1      | RobertPalmer, the Octopode Wanderer, began the quest for the Orb.
     0 | D:1      | Reached XP level 1. HP: 13/13 MP: 2/2
   117 | D:1      | Reached XP level 2. HP: 11/18 MP: 3/3
   247 | D:1      | Learned a level 2 spell: Repel Missiles
   293 | D:1      | Reached skill level 3 in Polearms
   623 | D:1      | Reached XP level 3. HP: 19/23 MP: 4/4
  1211 | D:2      | Noticed Terence
  1358 | D:2      | Found a shattered altar of Ashenzari.
  1359 | D:2      | Found an ancient bone altar of Kikubaaqudgha.
  1359 | D:2      | Found a white marble altar of Elyvilon.
  1403 | D:2      | Found a radiant altar of Vehumet.
  1420 | D:2      | Noticed Jessica
  1430 | D:2      | Killed Jessica
  1430 | D:2      | Reached skill level 4 in Polearms
  1430 | D:2      | Reached XP level 4. HP: 25/28 MP: 5/5
  1609 | D:2      | Killed Terence
  1997 | D:2      | Found a glowing golden altar of the Shining One.
  1997 | D:2      | Found a bloodstained altar of Trog.
  1997 | D:2      | Noticed Ijyb
  2093 | D:2      | Killed Ijyb
  2213 | D:3      | Noticed Zuul's ghost (weakling DsGl)
  2488 | D:4      | Found a shimmering altar of Xom.
  2488 | D:4      | Found a shimmering altar of Xom.
  2489 | D:4      | Found a shimmering altar of Xom.
  2490 | D:4      | Found a shimmering altar of Xom.
  2498 | D:4      | Found a shimmering altar of Xom.
  2523 | D:4      | Reached skill level 5 in Polearms
  2523 | D:4      | Reached XP level 5. HP: 33/33 MP: 7/7
  2549 | D:4      | Killed from afar by an orc wizard

Vanquished Creatures
  Ijyb (D:2)
  Jessica (D:2)
  Terence (D:2)
  A giant mite (D:1)
  2 worms (D:2)
  A gnoll skeleton (D:4)
  An iguana skeleton (D:4)
  An ooze (D:2)
  An orc (D:4)
  A ball python (D:1)
  A giant cockroach (D:1)
  7 goblins
  4 hobgoblins
  5 jackals
  8 kobolds
  A quokka (D:2)
  3 bats (D:1)
  2 rats
42 creatures vanquished.
